 Dungeon Crawl Stone Soup version 0.30-a0-6-g7c9e10e132 (webtiles) character file.

Game seed: 13258469030378324012

55 SensoryNuts the Trooper (level 3, 0/33 HPs)
             Began as a Hill Orc Fighter on Aug 22, 2022.
             Slain by Sigmund
             ... wielding a +0 scythe
              (4 damage)
             ... on level 2 of the Dungeon.
             The game lasted 00:01:18 (1037 turns).

SensoryNuts the Trooper (Hill Orc Fighter)          Turns: 1037, Time: 00:01:19

Health: 0/33       AC:  8    Str: 20    XL:     3   Next: 93%
Magic:  3/3        EV:  9    Int:  8    God:
Gold:   69         SH:  4    Dex: 10    Spells: 2/2 levels left

rFire   . . .      SeeInvis .    a - +0 war axe
rCold   . . .      Faith    .    c - +0 buckler
rNeg    . . .      Spirit   .    b - +0 scale mail
rPois   .          Reflect  .    i - +0 helmet
rElec   .          Harm     .    (no cloak)
rCorr   .          Rampage  .    (no gloves)
Will    .....                    (no boots)
Stlth   ..........               (no amulet)
HPRegen 0.11/turn                (no ring)
MPRegen 0.08/turn                (no ring)

@: mighty
A: no striking features
a: no special abilities


You were on level 2 of the Dungeon.
You visited 1 branch of the dungeon, and saw 2 of its levels.

You collected 69 gold pieces.

Inventory:

Hand Weapons
 a - a +0 war axe (weapon)
Armour
 b - a +0 scale mail (worn)
 c - a +0 buckler (worn)
 i - a +0 helmet (worn)
Scrolls
 e - a scroll of blinking {unknown}
 g - 2 scrolls of identify {unknown}
 l - a scroll of noise {unknown}
Potions
 f - 2 potions of heal wounds {unknown}
 h - a potion of resistance {unknown}
 j - a potion of attraction {unknown}
 k - a potion of cancellation {unknown}


   Skills:
 + Level 4.0 Fighting
 + Level 3.4 Axes
 + Level 3.9 Armour
 + Level 0.3 Dodging
 + Level 0.7 Stealth
 + Level 3.6 Shields


You had 2 spell levels left.
You didn't know any spells.
Your spell library contained the following spells:

 Spells                   Type           Power      Damage    Failure   Level
 Ensorcelled Hibernation  Hex/Ice        0%         N/A       94%         2
 Passwall                 Tmut/Erth      0%         N/A       94%         2
 Swiftness                Air            0%         N/A       99%         3


Dungeon Overview and Level Annotations

Branches:
Dungeon (2/15)

Altars:

Annotations:
D:2 Sigmund


Message History

The adder bites you but does no damage. The jackal attacks as you move away!
The jackal closely misses you.
A jackal comes into view.
The jackal bites you.
You feel very mighty all of a sudden.
The jackal barks!
You hear a bark!
The jackal bites you.
You hear a bark!
You slash the jackal!
You kill the jackal!
The adder barely misses you.
A jackal comes into view.
You barely miss the adder.
The jackal barks!
The adder bites you.
You are poisoned.
The adder poisons you!
A jackal comes into view.
The jackal barks!
You slash the adder!
You kill the adder!
You feel sick. The ball python barely misses you. The ball python grabs you.
The ball python constricts you.
You slash the ball python!
You kill the ball python!
You feel sick.
The jackal bites you but does no damage.
You completely miss the jackal.
You feel sick. The jackal closely misses you. You block something's attack.
The jackal bites you but does no damage.
You closely miss the jackal.
You feel sick.
You are no longer poisoned.
The jackal completely misses you. Something hits you.
* * * LOW HITPOINT WARNING * * *
The jackal barely misses you.
You slash the jackal!
You kill the jackal!
A frilled lizard comes into view.
Something hits you.
You die...

##### #...# #.#.###
##.....# #......#
####.##.#.# ###
#....##.#.# #.#
#.......#.# #@#
#....####.#####K#
#.##...........h###
##.##.####.#....h..#
#........<.........# .
...........#.....#.###..
#...##.#.#.#..#.........
#.....[†...........l$#..
........)..........#.#


You could see 2 jackals, a kobold and a frilled lizard (wandering).

Vanquished Creatures
  An adder (D:2)
  A gnoll (D:1)
  2 worms (D:2)
  2 bats (D:1)
  An endoplasm (D:1)
  A giant cockroach (D:1)
  2 hobgoblins (D:1)
  5 jackals
  A quokka (D:1)
  2 ball pythons
  3 frilled lizards (D:1)
  A goblin (D:1)
  8 kobolds
  3 rats
33 creatures vanquished.

Vanquished Creatures (others)
  5 toadstools (D:1)
5 creatures vanquished.

Grand Total: 38 creatures vanquished

Notes
Turn   | Place    | Note
-------+----------+-------------------------------------------
     0 | D:1      | SensoryNuts the Hill Orc Fighter began the quest for the
                  | Orb.
     0 | D:1      | Reached XP level 1. HP: 19/19 MP: 1/1
    70 | D:1      | Reached XP level 2. HP: 27/27 MP: 2/2
   489 | D:1      | Reached XP level 3. HP: 30/33 MP: 3/3
   576 | D:1      | Reached skill level 4 in Fighting
  1013 | D:2      | Noticed Sigmund
  1037 | D:2      | Slain by Sigmund

Illustrated notes

Levels and vault maps discovered:
D:1:      ldierk_walled_garden, layout_basic
D:2:      layout_basic, shapermc_ecumenical_altar_mp_ritualfount, uniq_sigmund

Skill      XL: |  1  2  3 |
---------------+----------+-----
Axes           | 3 |  3.4
Fighting       | 4 |  4.0
Armour         | |  3.9
Dodging        | |  0.3
Stealth        | |  0.7
Shields        | |  3.6

Action                   || total
-------------------------++-------
Melee: War axe           ||    88
  Use: Potion            ||     1
Armor: Scale mail        ||    54
Dodge: Dodged            ||    50
Block: Buckler           ||    19

Table legend: (Time is in decaauts)
 A = Elapsed time spent in this place.
 B = Non-inter-level travel time spent in this place.
 C = Inter-level travel time spent in this place.
 D = Time resting spent in this place.
 E = Time spent auto-exploring this place.
 F = Levels seen in this place.
 G = Mean time per level.
                   A        B        C        D        E       F      G
               +--------+--------+--------+--------+--------+-----+--------+
         Total |   1073 |   1073 |      0 |      0 |    833 |   2 |  536.5 |
       Dungeon |   1073 |   1073 |      0 |      0 |    833 |   2 |  536.5 |
               +--------+--------+--------+--------+--------+-----+--------+

Top non-repeatable levels by time:
     D:1: 841 daAuts
     D:2: 231 daAuts
